 Dungeon Crawl Stone Soup version 0.30-b1-2-g02819fbbbe (webtiles) character file.

Game seed: 11197471568733070410

42 Barriton the Conjurer (level 3, 0/26 HPs)
             Began as a Draconian Conjurer on May 23, 2023.
             Succumbed to an adder's poison
             ... on level 2 of the Dungeon.
             The game lasted 00:01:10 (877 turns).

Barriton the Conjurer (Draconian Conjurer)           Turns: 877, Time: 00:01:10

Health: 0/26       AC:  6    Str:  9    XL:     3   Next: 33%
Magic:  0/6        EV: 12    Int: 20    God:
Gold:   38         SH:  0    Dex:  9    Spells: 5/6 levels left

rFire   . . .        (no weapon)
rCold   . . .        (no shield)
rNeg    . . .        (body armour unavailable)
rPois   .            (helmet restricted)
rElec   .            (no cloak)
rCorr   .            (no gloves)
SInv    .            c - +0 pair of boots
Will    .....        (no amulet)
Stlth   ++           (no ring)
HPRegen 0.24/turn    (no ring)
MPRegen 0.10/turn

%: no passive effects
@: lethally poisoned (0 -> -2)
A: AC +5, unfitting armour, cold-blooded
a: no special abilities


You were on level 2 of the Dungeon.
You visited 1 branch of the dungeon, and saw 2 of its levels.

You collected 38 gold pieces.

Inventory:

Armour
 c - a +0 pair of boots (worn)
Potions
 a - a potion of magic
 b - 2 potions of might
 e - a potion of haste {unknown}


   Skills:
 + Level 1.8 Dodging
 + Level 1.8 Stealth
 + Level 0.3 Unarmed Combat
 + Level 2.3 Spellcasting
 + Level 4.8 Conjurations


You had 5 spell levels left.
You knew the following spells:

 Your Spells              Type           Power      Damage    Failure   Level
a - Magic Dart            Conj           84%        1d7       1%          1

Your spell library contained the following spells:

 Spells                   Type           Power      Damage    Failure   Level
 Searing Ray              Conj           42%        2d6       3%          2
 Dazzling Flash           Conj/Hex       24%        N/A       17%         3
 Fulminant Prism          Conj/Hex       6%         3d7       50%         4
 Iskenderun's Mystic Bla  Conj/Tloc      12%        2d5       50%         4


Dungeon Overview and Level Annotations

Branches:
Dungeon (2/15)

Altars:

Shops:
D:1 [


Innate Abilities, Weirdness & Mutations

Your plain brown scales are hard. (AC +5)
You cannot fit into any form of body armour.
You are cold-blooded and may be slowed by cold attacks.


Message History

You feel sick. The adder bites you. x2
You are more poisoned.
The adder poisons you! The rat closely misses you.
You barely miss the adder.
The adder is severely wounded.
You feel sick. The adder closely misses you. The rat closely misses you.
You hit the adder.
The adder is severely wounded.
* * * LOW HITPOINT WARNING * * *
You feel sick. The adder bites you but does no damage.
The rat barely misses you.
The endoplasm quivers.
You hit the adder but do no damage.
The adder is severely wounded.
* * * LOW HITPOINT WARNING * * *
You feel sick. The adder bites you but does no damage. The adder misses you.
The rat closely misses you.
You barely miss the adder.
The adder is severely wounded.
You feel sick. The adder closely misses you.
The rat bites you but does no damage.
Okay, then.
Casting: Magic Dart (safe; 2% risk of failure)
Confirm with . or Enter, or press ? or * to list all spells.
Aiming: Magic Dart (safe; 2% risk of failure)
Press: ? - help, Shift-Dir - straight line, f/p - goblin
Aim: a goblin, wielding a +0 dagger (heavily wounded, 100% to hit)
The magic dart hits the adder!
You kill the adder!
You feel sick. The adder bites you.
* * * LOW HITPOINT WARNING * * *
The rat bites you but does no damage.
Casting: Magic Dart (safe; 1% risk of failure)
Confirm with . or Enter, or press ? or * to list all spells.
Aiming: Magic Dart (safe; 1% risk of failure)
Press: ? - help, Shift-Dir - straight line, f/p - goblin
Aim: a goblin, wielding a +0 dagger (heavily wounded, 100% to hit)
The magic dart hits the adder.
The adder is moderately wounded.
You die...

.. ....... ##.
....#.# ...
....... ##..
....#.# #...#
....... . #....
.J..#.#
....#.r##gg†....
.......@Sgr..#
.......##S...)..
....### ....#>#
... ###.... .
... #.


You could see 2 adders, an endoplasm, a quokka, a hobgoblin, 2 goblins and a
rat.

Vanquished Creatures
  An adder (D:2)
  2 dart slugs (D:1)
  3 endoplasms (D:1)
  A giant cockroach (D:1)
  3 goblins (D:1)
  3 hobgoblins
  A quokka (D:1)
  5 ball pythons (D:1)
  2 bats
  A frilled lizard (D:1)
  3 kobolds (D:1)
  2 rats (D:1)
27 creatures vanquished.

Notes
Turn   | Place    | Note
-------+----------+-------------------------------------------
     0 | D:1      | Barriton the Draconian Conjurer began the quest for the
                  | Orb.
     0 | D:1      | Reached XP level 1. HP: 14/14 MP: 3/3
   215 | D:1      | Reached XP level 2. HP: 20/20 MP: 1/5
   336 | D:1      | Found Puklisan's Antique Armour Shop.
   522 | D:1      | Found a faded altar of an unknown god.
   700 | D:1      | Reached XP level 3. HP: 26/26 MP: 3/6
   876 | D:2      | HP: 1/26 [adder (3)]
   877 | D:2      | Succumbed to an adder's poison

Illustrated notes

Levels and vault maps discovered:
D:1:      spicycebolla_arrival_xxxplode, layout_rooms,
          ebering_ecumenical_altar_rust, serial_shops, shop, st_stairs_12
D:2:      layout_rooms, chequers_jeans, st_stairs_9,
          chequers_serial_rivers_marsh, hex_medium, uniq_natasha

Action                     || total
---------------------------++-------
  Melee: Unarmed           ||    44
         Tailslap          ||     7
   Cast: Magic Dart        ||    48
    Use: Scroll            ||     1
 Armour: Skin              ||    22
  Dodge: Dodged            ||    31
